 Dungeon Crawl Stone Soup version 0.16-a0-3987-g5719e88 (webtiles) character file.

59909 Duskembrace the Bludgeoner (level 14, -1/98 HPs)
             Began as a Gargoyle Berserker on Feb 12, 2015.
             Was the Champion of Trog.
             Slain by an orc warrior
             ... wielding a +0 scimitar
              (8 damage)
             ... on level 4 of the Orcish Mines.
             The game lasted 01:52:20 (18834 turns).

Duskembrace the Bludgeoner (Gargoyle Berserker)    Turns: 18834, Time: 01:52:20

Health: -1/98      AC: 31    Str: 34    XL:     14   Next: 97%
Magic:  14/14      EV:  9    Int: 13    God:    Trog [******]
Gold:   1248       SH:  0    Dex: 19    Spells: 0 memorised, 13 levels left

rFire  . . .     SeeInvis .     C - +5 great mace (drain)
rCold  + . .     Clarity  .     Z - +0 plate armour "Supaen" {-Tele Str+5 Int+4 Dex+4}
rNeg   + . .     SustAb   .     (no shield)
rPois  ∞         Gourm    .     m - +0 helmet
rElec  +         Spirit   .     (no cloak)
rCorr  .         Warding  .     U - +1 pair of gloves {rC+}
rMut   .         NoTele   +     E - +0 pair of boots {Stlth+}
MR     +++..                    N - amulet of rage
Stlth  ..........               K - +6 ring of dexterity
                                F - ring "Smuenwou" {+Blink rElec Str+4 Stlth-}

@: exhausted, regenerating, slowed, very slow, extremely resistant to hostile
enchantments, extremely unstealthy
A: able to fly continuously, big wings, negative energy resistance 1,
electricity resistance, unbreathing, petrification resistance, rot immunity, AC
+9
a: Fly, Burn Spellbooks, Berserk, Trog's Hand, Brothers in Arms, Renounce
Religion, Evoke Blink, Evoke Berserk Rage


You were on level 4 of the Orcish Mines.
You worshipped Trog.
Trog was exalted by your worship.
You were near starving.

You visited 3 branches of the dungeon, and saw 21 of its levels.
You also visited: Ice Cave and Volcano.

You collected 2302 gold pieces.
You spent 1054 gold pieces at shops.

Inventory:

Hand weapons
 a - a +6 arbalest of velocity
 b - a +1 antimagic great mace
 n - a +4 antimagic great mace
 C - a +5 great mace of draining (weapon)
 S - a +3 dire flail of protection
Missiles
 e - 7 tomahawks
 f - 72 bolts
 H - a throwing net
 V - 16 tomahawks of returning (quivered)
Armour
 m - a +0 helmet (worn)
 E - a +0 pair of boots of stealth (worn)
 U - a +1 pair of gloves of cold resistance (worn)
 Z - the +0 plate armour "Supaen" (worn) {-Tele Str+5 Int+4 Dex+4}
   (You bought it in a shop on level 5 of the Dungeon)

   It affects your strength (+5).
   It affects your intelligence (+4).
   It affects your dexterity (+4).
   It prevents most forms of teleportation.
Jewellery
 j - an uncursed amulet of resist mutation
 t - an uncursed amulet of the gourmand
 F - the ring "Smuenwou" (left hand) {+Blink rElec Str+4 Stlth-}
   (You found it on level 6 of the Lair of Beasts)

   [ring of loudness]

   It affects your strength (+4).
   It insulates you from electricity.
   It lets you blink.
   It makes you less stealthy.
 J - an uncursed ring of protection from fire
 K - a +6 ring of dexterity (right hand)
 L - an uncursed amulet of regeneration
 N - an amulet of rage (around neck)
 R - an uncursed ring of protection from cold
 W - an uncursed ring of positive energy
Magical devices
 l - a wand of digging (4)
 o - a wand of disintegration (14)
Scrolls
 d - 5 scrolls of teleportation
 i - 4 scrolls of magic mapping
 p - 10 scrolls of remove curse
 y - 2 scrolls of immolation
 I - 4 scrolls of blinking
 X - a scroll of fog
Potions
 g - a potion of cure mutation
 h - 3 potions of haste
 s - 6 potions of heal wounds
 v - 2 potions of restore abilities
 A - a potion of invisibility
 B - 13 potions of curing
 D - a potion of degeneration {unknown}
 G - a potion of beneficial mutation {unknown}
 P - a potion of ambrosia {unknown}
 T - 2 potions of cancellation
Comestibles
 c - 5 bread rations
 r - 22 fruits


   Skills:
 + Level 15.4 Fighting
 + Level 16.6 Maces & Flails
 + Level 1.1 Throwing
 + Level 14.0 Armour
 - Level 1.5 Dodging


You had 13 spell levels left.
You didn't know any spells.

Dungeon Overview and Level Annotations

Branches:
Dungeon (9/15)             Temple (0/1) D:7            Lair (8/8) D:9
  Snake (0/5) Lair:6        Slime (0/6) Lair:6          Orc (4/4) D:9
    Elf (0/3) Orc:4
  Swamp: Lair:3-6    Shoals: Lair:3-6

Altars:
Ashenzari
Fedhas
Gozag
Kikubaaqudgha
Nemelex Xobeh
Ru
Sif Muna
Trog
Vehumet
Zin
The Shining One
Beogh
Jiyva

Shops:
D:3 *   D:5 [   Orc:4 ?:

Annotations:
Orc:4 Saint Roka


Innate Abilities, Weirdness & Mutations

You are resistant to torment.
You are immune to poison.
You can fly continuously.
Your stone body is very resilient (AC +9).
Your wings are large and strong.
You resist negative energy.
You are resistant to electric shocks.
You can survive without breathing.
You are immune to petrification.
You are immune to rotting.


Message History

Something smites you!
* * * LOW HITPOINT WARNING * * *
The orc warrior hits you but does no damage.
You bludgeon Saint Roka!!
Saint Roka is moderately wounded.
The warg bites you!
* * * LOW HITPOINT WARNING * * *
The orc warrior hits you but does no damage.
Saint Roka hits you but does no damage.
The orc warrior hits you with a glaive!!
* * * LOW HITPOINT WARNING * * *
You barely miss Saint Roka.
Saint Roka is moderately wounded.
You are no longer berserk.
You are exhausted.
You feel yourself slow down.
You are near starving!
The warg barely misses you.
The orc warrior hits you with a scimitar!
You die...

...#####.# .8.# #.>.#[######
....#.##)# .#..o# #...))....).
#.....<#)# '...' #.#)[#####..
##.......# #...# #)..##...##.
<.##...#.# ##...## #)..#....)#.
.........## #8.oo8# ##)).#.._.)'.
..#....#..###o.ooo###))..#...))#.
.......#....##ooo##.)..#.##...##.
..............)o@h))).....#####..
..............8o8o.....#.........
.................................
............................)....
..#......................#.......
....................#.........#..
.....................#...........
............#.#.#..........#.....
.............###.#........#......


You could see Saint Roka, a warg, 4 orc warriors, 2 orc priests and 6 orcs.

Vanquished Creatures
  A fire dragon (Lair:8)
  Harold (Lair:3)
  2 hydras (Lair:2)
  5 death yaks (Lair:8)
  4 ice devils (IceCv)
  A lindwurm (Volcano)
  2 ice statues (IceCv)
  Erolcha (D:9)
  A wolf spider (Lair:8)
  3 orc knights
  2 hornets (Lair:8)
  4 elephants (Lair:8)
  An orc sorcerer (Orc:2)
  Joseph (Orc:3)
  7 black mambas
  2 torpor snails (Lair:5)
  A guardian serpent (Lair:8)
  15 spiny frogs
  7 komodo dragons
  4 wandering mushrooms (D:8)
  6 fire drakes
  3 trolls
  7 blue devils (IceCv)
  2 two-headed ogres
  16 blink frogs
  A boulder beetle (Lair:8)
  A basilisk (Lair:4)
  4 wyverns
  49 yaks
  13 fire bats (Volcano)
  6 hippogriffs
  11 wolves
  3 wargs
  12 porcupines
  2 sky beasts
  22 water moccasins
  27 orc warriors
  2 phantoms
  4 spiders (Lair:8)
  An ice beast (IceCv)
  3 swamp drakes (Lair:8)
  5 wasps
  4 centaurs
  9 ogres
  A boring beetle (Lair:1)
  14 crocodiles
  Sigmund (D:2)
  Duvessa (D:5)
  17 giant frogs
  15 killer bees
  2 oklob saplings (D:8)
  3 scorpions
  2 electric eels
  A crimson imp (D:8)
  Dowan (D:5)
  18 orc priests
  A giant frog skeleton (D:5)
  11 jellies
  9 hounds
  21 orc wizards
  9 iguanas
  4 hell rats (Lair:5)
  A killer bee zombie (D:6)
  9 worker ants
  30 sheep
  Ijyb (D:7)
  A hound zombie (D:6)
  Robin (D:2)
  4 gnolls (D:4)
  45 river rats
  19 adders
  4 shadow imps
  2 giant mites
  22 white imps
  3 worms
  3 ufetubi (IceCv)
  An adder skeleton (D:7)
  6 giant geckos
  3 oozes
  135 orcs
  3 ball pythons (D:3)
  5 giant cockroaches
  26 goblins
  13 hobgoblins
  7 jackals
  10 quokkas
  A ball python skeleton (D:6)
  14 bats
  A giant gecko skeleton (D:6)
  3 giant newts
  A giant spore (D:9)
  A jackal zombie (D:6)
  11 kobolds
  A quokka skeleton (D:6)
  10 rats
  2 ballistomycetes (D:9)
  3 plants (Lair:6)
811 creatures vanquished.

Vanquished Creatures (collateral kills)
  A yak (D:9)
  A necrophage (D:9)
2 creatures vanquished.

Vanquished Creatures (others)
  2 yaks (Lair:8)
  4 ufetubi (IceCv)
  21 fungi
  14 plants
41 creatures vanquished.

Grand Total: 854 creatures vanquished

Notes
Turn   | Place    | Note
--------------------------------------------------------------
     0 | D:1      | Duskembrace, the Gargoyle Berserker, began the quest for the Orb.
     0 | D:1      | Reached XP level 1. HP: 14/14 MP: 1/1
    38 | D:1      | Reached XP level 2. HP: 13/19 MP: 2/2
   402 | D:1      | Acquired Trog's second power
   595 | D:1      | Reached skill level 4 in Maces & Flails
   623 | D:1      | Reached XP level 3. HP: 18/23 MP: 3/3
  1006 | D:2      | Found a sacrificial altar of Ru.
  1023 | D:2      | Reached XP level 4. HP: 28/28 MP: 4/4
  1029 | D:2      | Reached skill level 5 in Maces & Flails
  1085 | D:2      | Noticed Sigmund
  1099 | D:2      | Killed Sigmund
  1099 | D:2      | Reached XP level 5. HP: 11/32 MP: 5/5
  1427 | D:2      | Found an ancient bone altar of Kikubaaqudgha.
  1494 | D:2      | Reached skill level 6 in Maces & Flails
  1580 | D:2      | Noticed Robin
  1601 | D:2      | Killed Robin
  2069 | D:3      | Found Zin's Purification Station.
  2072 | D:3      | Found a glowing silver altar of Zin.
  2551 | D:3      | Reached XP level 6. HP: 37/37 MP: 6/6
  3076 | D:4      | Reached skill level 7 in Maces & Flails
  3178 | D:4      | Acquired Trog's third power
  3215 | D:4      | Found a shattered altar of Ashenzari.
  3465 | D:4      | Reached XP level 7. HP: 34/41 MP: 7/7
  3670 | D:5      | Entered Level 5 of the Dungeon
  3689 | D:5      | Reached skill level 8 in Maces & Flails
  3813 | D:5      | Noticed Dowan
  3856 | D:5      | Killed Dowan
  3872 | D:5      | Noticed Duvessa
  3914 | D:5      | Killed Duvessa
  4144 | D:5      | Found Biuniot's Antique Armour Shoppe.
  4147 | D:5      | Bought a pair of glowing boots for 130 gold pieces
  4210 | D:5      | Reached skill level 9 in Maces & Flails
  4437 | D:5      | Reached XP level 8. HP: 46/46 MP: 8/8
  5042 | D:6      | Reached skill level 10 in Maces & Flails
  5068 | D:6      | Found a blossoming altar of Fedhas.
  5280 | D:6      | Found a deep blue altar of Sif Muna.
  5674 | D:7      | Found a radiant altar of Vehumet.
  5765 | D:7      | Noticed Ijyb
  5778 | D:7      | Reached skill level 11 in Maces & Flails
  5782 | D:7      | Killed Ijyb
  5782 | D:7      | Reached XP level 9. HP: 52/52 MP: 9/9
  6358 | D:7      | Found a glowing golden altar of the Shining One.
  6358 | D:7      | Found a sparkling altar of Nemelex Xobeh.
  6406 | D:7      | Found a staircase to the Ecumenical Temple.
  6672 | D:8      | Found an opulent altar of Gozag.
  7016 | D:8      | Reached skill level 5 in Fighting
  7125 | D:8      | Noticed a wandering mushroom
  7138 | D:8      | Killed a wandering mushroom
  7138 | D:8      | Reached skill level 12 in Maces & Flails
  7138 | D:8      | Reached skill level 5 in Armour
  7143 | D:8      | Noticed a wandering mushroom
  7194 | D:8      | Killed a wandering mushroom
  7200 | D:8      | Found a blossoming altar of Fedhas.
  7200 | D:8      | Noticed a wandering mushroom
  7200 | D:8      | Noticed a wandering mushroom
  7209 | D:8      | Killed a wandering mushroom
  7209 | D:8      | Reached XP level 10. HP: 60/60 MP: 10/10
  7213 | D:8      | Killed a wandering mushroom
  7382 | D:9      | Found a staircase to the Orcish Mines.
  7779 | D:9      | Noticed Erolcha
  7807 | D:9      | Killed Erolcha
  7860 | D:9      | Reached skill level 13 in Maces & Flails
  8114 | D:9      | Reached skill level 1 in Throwing
  8267 | D:9      | Reached XP level 11. HP: 67/67 MP: 11/11
  8365 | D:9      | Found a staircase to the Lair.
  8400 | Orc:1    | Entered Level 1 of the Orcish Mines
  8468 | Orc:1    | Received a gift from Trog
  8686 | Orc:1    | Found a roughly hewn altar of Beogh.
  8768 | Orc:2    | Noticed an orc knight
  8778 | Orc:2    | Killed an orc knight
  8899 | Orc:2    | Found a frozen archway.
  8923 | IceCv    | Entered an ice cave
  8968 | IceCv    | Noticed an ice statue
  8968 | IceCv    | Noticed an ice statue
  9060 | IceCv    | Killed an ice statue
  9088 | IceCv    | Killed an ice statue
  9235 | IceCv    | Noticed an ice devil
  9249 | IceCv    | Killed an ice devil
  9292 | IceCv    | Noticed an ice devil
  9313 | IceCv    | Reached skill level 14 in Maces & Flails
  9322 | IceCv    | Noticed an ice devil
  9353 | IceCv    | Killed an ice devil
  9353 | IceCv    | Reached skill level 10 in Armour
  9368 | IceCv    | Noticed an ice devil
  9380 | IceCv    | Killed an ice devil
  9380 | IceCv    | Received a gift from Trog
  9448 | IceCv    | Killed an ice devil
  9448 | IceCv    | Reached XP level 12. HP: 62/76 MP: 12/12
  9780 | Orc:2    | You fall through a shaft!
  9935 | Orc:3    | Reached skill level 10 in Fighting
 10056 | Orc:2    | Noticed an orc warlord
 10110 | Orc:1    | Received a gift from Trog
 10382 | D:5      | Bought a crude plate armour for 812 gold pieces
 10392 | D:5      | Identified the +0 plate armour "Supaen" {-Tele Str+5 Int+4 Dex+4} (You bought it in a shop on level 5 of the Dungeon)
 10590 | Lair:1   | Entered Level 1 of the Lair of Beasts
 11397 | Lair:2   | Noticed a six-headed hydra
 11405 | Lair:2   | Killed a six-headed hydra
 11501 | Lair:2   | Received a gift from Trog
 11599 | Lair:2   | Noticed a six-headed hydra
 11619 | Lair:2   | Killed a six-headed hydra
 12207 | Lair:3   | Received a gift from Trog
 12390 | Lair:3   | Noticed Harold
 12406 | Lair:3   | Killed Harold
 12589 | Lair:3   | Reached XP level 13. HP: 87/87 MP: 13/13
 13495 | Lair:4   | Received a gift from Trog
 14229 | Lair:5   | Received a gift from Trog
 14883 | Lair:6   | Got a steaming wooden ring
 14890 | Lair:6   | Identified the ring "Smuenwou" {+Blink rElec Str+4 Stlth-} (You found it on level 6 of the Lair of Beasts)
 15234 | Lair:6   | Found a staircase to the Snake Pit.
 15400 | Lair:6   | Found a viscous altar of Jiyva.
 15401 | Lair:6   | Found a staircase to the Slime Pits.
 15515 | Lair:7   | Received a gift from Trog
 15572 | Lair:7   | Found a dark tunnel.
 15607 | Volcano  | Entered a volcano
 15722 | Volcano  | Reached skill level 15 in Maces & Flails
 16046 | Lair:7   | Gained mutation: Your wings are large and strong. [gargoyle growth]
 16046 | Lair:7   | Reached XP level 14. HP: 96/96 MP: 14/14
 16248 | Lair:8   | Entered Level 8 of the Lair of Beasts
 16312 | Lair:8   | Received a gift from Trog
 16851 | Lair:8   | Received a gift from Trog
 16915 | Lair:8   | Reached skill level 16 in Maces & Flails
 16923 | Lair:8   | Reached skill level 15 in Fighting
 17178 | Lair:8   | Got a distressingly furry leather armour
 17190 | Lair:8   | Identified the cursed -2 leather armour of the Locust {Int+4} (You found it on level 8 of the Lair of Beasts)
 17831 | Orc:3    | Received a gift from Trog
 17907 | Orc:3    | Noticed Joseph
 17921 | Orc:3    | Killed Joseph
 18004 | Orc:4    | Entered Level 4 of the Orcish Mines
 18041 | Orc:4    | Found a staircase to the Elven Halls.
 18182 | Orc:4    | Found a roughly hewn altar of Beogh.
 18267 | Orc:4    | Found a roughly hewn altar of Beogh.
 18287 | Orc:4    | Found Kecluph's Magic Scroll Boutique.
 18298 | Orc:4    | Bought a scroll of enchant weapon for 112 gold pieces
 18323 | Orc:4    | Found a roughly hewn altar of Beogh.
 18357 | Orc:4    | Received a gift from Trog
 18396 | Orc:4    | Found a bloodstained altar of Trog.
 18426 | Orc:4    | Found a roughly hewn altar of Beogh.
 18432 | Orc:4    | Found Frunk's Book Shop.
 18734 | Orc:4    | Found a roughly hewn altar of Beogh.
 18793 | Orc:4    | Noticed Saint Roka
 18834 | Orc:4    | Slain by an orc warrior

Action                   |  1- 3 |  4- 6 |  7- 9 | 10-12 | 13-15 || total
-------------------------+-------+-------+-------+-------+-------++-------
Melee: Mace              |    93 |   259 |   570 |   294 |       ||  1216
       Dire flail        |       |       |       |   682 |       ||   682
       Great mace        |       |       |       |    40 |  1025 ||  1065
Throw: Tomahawk          |       |       |     1 |     1 |       ||     2
Invok: Berserk           |       |     4 |     8 |     8 |     5 ||    25
       Trog's Hand       |       |       |       |     3 |     4 ||     7
       Brothers in Arms  |       |       |       |     1 |       ||     1
  Use: Scroll            |       |       |       |     9 |    21 ||    30
  Eat: Bread ration      |       |     1 |     1 |     2 |       ||     4
       Chunk             |       |     6 |     7 |    11 |     6 ||    30
       Pizza             |       |     1 |     1 |       |     3 ||     5
       Meat ration       |       |       |     2 |     1 |     3 ||     6
       Fruit             |       |       |       |     5 |     1 ||     6
       Royal jelly       |       |       |       |     1 |       ||     1
       Beef jerky        |       |       |       |       |     2 ||     2
